MLB
BOSTON RED SOX @ BALTIMORE ORIOLES
08/08/2048
 
TOP OF THE 1ST
Boston Red Sox batting - Pitching for Baltimore Orioles : RHP Antonio Escobosa
Pitching: RHP Antonio Escobosa
Batting: LHB Shoichi Aso 0-0: Ball
1-0: Ball
2-0: Ball
3-0: Base on Balls
Batting: RHB Nick Esteves 0-0: SINGLE (Groundball, 34D, EV 106.2 MPH)
Shoichi Aso to second
Runner from 2nd tries for 3rd, SAFE, throw by RF made to third
Batting: LHB Jarrett Mordecai 0-0: Called Strike
0-1: Swinging Strike
0-2: Foul Ball, location: 2F
0-2: 3-RUN HOME RUN (Line Drive, 7LD, EV 92.5 MPH), Distance : 363 ft
Batting: RHB David Price Jr. 0-0: Fly out, F7 (Flyball, 7, EV 83.8 MPH)
Batting: RHB Josh Froyd 0-0: Called Strike
0-1: Called Strike
0-2: Foul Ball, location: 2F
0-2: Fly out, F9 (Flyball, 9LM, EV 86.2 MPH)
Batting: LHB Zack Guillen 0-0: Ball
1-0: Called Strike
1-1: Ground out 4-3 (Groundball, 4, EV 84.4 MPH)
Top of the 1st over - 3 runs, 2 hits, 0 errors, 0 left on base; Boston 3 - Baltimore 0
BOTTOM OF THE 1ST
Baltimore Orioles batting - Pitching for Boston Red Sox : RHP Reece Nichols
Pitching: RHP Reece Nichols
Batting: RHB Saimei Kudo 0-0: Called Strike
0-1: Ball
1-1: Ball
2-1: Fly out, F9 (Flyball, 9, EV 81.2 MPH)
Batting: RHB Vince Jackson 0-0: Called Strike
0-1: Foul Ball, location: 2F
0-2: Ball
1-2: Fly out, F8 (Flyball, 8LXD, EV 106.2 MPH)
Batting: RHB Rudo Garciaparra 0-0: Ball
1-0: SINGLE (Groundball, 6MD, EV 95.6 MPH)
Batting: SHB Jason Hayes 0-0: Called Strike
0-1: Ball
1-1: Ball
2-1: 2-RUN HOME RUN (Flyball, 7D, EV 95.0 MPH), Distance : 371 ft
Batting: SHB Cesar Herrera 0-0: Called Strike
0-1: Foul Ball, location: 2F
0-2: Ball
1-2: Ball
2-2: Foul Ball, location: 2F
2-2: Ball
3-2: Strikes out looking
Bottom of the 1st over - 2 runs, 2 hits, 0 errors, 0 left on base; Boston 3 - Baltimore 2
TOP OF THE 2ND
Boston Red Sox batting - Pitching for Baltimore Orioles : RHP Antonio Escobosa
Batting: SHB Marvin Lawrence 0-0: Called Strike
0-1: Ball
1-1: Called Strike
1-2: Foul Ball, location: 2F
1-2: Fly out, F8 (Flyball, 78D, EV 92.5 MPH)
Batting: SHB Greg Shaw 0-0: Called Strike
0-1: Ground out 4-3 (Groundball, 4, EV 82.5 MPH)
Batting: LHB Tim Fuller 0-0: Foul Ball, location: 2F
0-1: Ball
1-1: Ball
2-1: Ground out U3 (Groundball, 3, EV 91.2 MPH)
Top of the 2nd over - 0 runs, 0 hits, 0 errors, 0 left on base; Boston 3 - Baltimore 2
BOTTOM OF THE 2ND
Baltimore Orioles batting - Pitching for Boston Red Sox : RHP Reece Nichols
Batting: SHB Tony Prado 0-0: Ball
1-0: Ball
2-0: Ball
3-0: Called Strike
3-1: Foul Ball, location: 2F
3-2: Base on Balls
Batting: LHB Brian Feher 0-0: Ball
1-0: Foul Ball, location: 2F
1-1: Called Strike
1-2: Ball
2-2: Strikes out swinging
Batting: RHB Raul Mendoza 0-0: Called Strike
0-1: Called Strike
0-2: Foul Ball, location: 2F
0-2: Ball
1-2: Foul Ball, location: 2F
1-2: Ball
2-2: Foul Ball, location: 2F
2-2: Fly out, F7 (Line Drive, 7S, EV 92.5 MPH)
Batting: SHB Eduardo Maldonado 0-0: Ball
Wild Pitch!
Tony Prado to second
1-0: Swinging Strike
1-1: Ground out 6-3 (Groundball, 6M, EV 89.4 MPH)
Bottom of the 2nd over - 0 runs, 0 hits, 0 errors, 1 left on base; Boston 3 - Baltimore 2
TOP OF THE 3RD
Boston Red Sox batting - Pitching for Baltimore Orioles : RHP Antonio Escobosa
Batting: LHB Shoichi Aso 0-0: Ball
1-0: Ball
2-0: Called Strike
2-1: Ball
3-1: Base on Balls
Batting: RHB Nick Esteves 0-0: Fly out, F4 (Popup, 4, EV 80.0 MPH)
Batting: LHB Jarrett Mordecai 0-0: Called Strike
0-1: Ball
1-1: Ball
2-1: Fly out, F9 (Flyball, 9S, EV 95.6 MPH)
Batting: RHB David Price Jr. 0-0: Ball
Shoichi Aso is caught stealing 2nd base 2-4
Top of the 3rd over - 0 runs, 0 hits, 0 errors, 0 left on base; Boston 3 - Baltimore 2
BOTTOM OF THE 3RD
Baltimore Orioles batting - Pitching for Boston Red Sox : RHP Reece Nichols
Batting: RHB Saimei Kudo 0-0: Foul Ball, location: 2F
0-1: Called Strike
0-2: Ball
1-2: Foul Ball, location: 2F
1-2: Fly out, F8 (Flyball, 8RD, EV 103.8 MPH)
Batting: RHB Vince Jackson 0-0: Called Strike
0-1: Ball
1-1: Called Strike
1-2: Strikes out swinging
Batting: RHB Rudo Garciaparra 0-0: Called Strike
0-1: Foul Ball, location: 2F
0-2: Foul Ball, location: 2F
0-2: Strikes out looking
Bottom of the 3rd over - 0 runs, 0 hits, 0 errors, 0 left on base; Boston 3 - Baltimore 2
TOP OF THE 4TH
Boston Red Sox batting - Pitching for Baltimore Orioles : RHP Antonio Escobosa
Batting: RHB David Price Jr. 0-0: Ball
1-0: Called Strike
1-1: Foul Ball, location: 2F
1-2: Foul Ball, location: 2F
1-2: Ball
2-2: Ball
3-2: Foul Ball, location: 2F
3-2: Base on Balls
Batting: RHB Josh Froyd 0-0: Called Strike
0-1: Called Strike
0-2: Ball
1-2: Ball
2-2: Ball
3-2: Strikes out swinging
Batting: LHB Zack Guillen 0-0: Foul Ball, location: 2F
0-1: Fielders Choice at 2nd, 3-6 (Groundball, 3, EV 86.9 MPH)
Batting: SHB Marvin Lawrence 0-0: Ball
1-0: Fielders Choice at 2nd, 5-6 (Groundball, 6, EV 88.1 MPH)
Top of the 4th over - 0 runs, 0 hits, 0 errors, 1 left on base; Boston 3 - Baltimore 2
BOTTOM OF THE 4TH
Baltimore Orioles batting - Pitching for Boston Red Sox : RHP Reece Nichols
Batting: SHB Jason Hayes 0-0: Ball
1-0: Foul Ball, location: 2F
1-1: Ball
2-1: Fly out, F3 (Line Drive, 3L, EV 68.1 MPH)
Batting: SHB Cesar Herrera 0-0: Ball
1-0: Fly out, F9 (Flyball, 9D, EV 100.6 MPH)
Batting: SHB Tony Prado 0-0: Foul Ball, location: 2F
0-1: Called Strike
0-2: Ball
1-2: Ball
2-2: Ball
3-2: Foul Ball, location: 2F
3-2: SINGLE (Groundball, 34S, EV 69.4 MPH) (infield hit)
Batting: LHB Brian Feher 0-0: Called Strike
0-1: SINGLE (Groundball, 6MS, EV 71.2 MPH) (infield hit)
Tony Prado to second
Batting: RHB Raul Mendoza 0-0: Ball
1-0: Called Strike
1-1: Ball
2-1: Called Strike
2-2: 3-RUN HOME RUN (Flyball, 9D, EV 93.1 MPH), Distance : 373 ft
Pitching: RHP Roberto Morales
Batting: SHB Eduardo Maldonado 0-0: Ball
1-0: Fly out, F8 (Flyball, 89D, EV 97.5 MPH)
Bottom of the 4th over - 3 runs, 3 hits, 0 errors, 0 left on base; Boston 3 - Baltimore 5
TOP OF THE 5TH
Boston Red Sox batting - Pitching for Baltimore Orioles : RHP Antonio Escobosa
Batting: SHB Greg Shaw 0-0: Ball
1-0: Ground out 4-3 (Groundball, 34, EV 105.0 MPH)
Batting: LHB Tim Fuller 0-0: Swinging Strike
0-1: Swinging Strike
0-2: Ball
1-2: Strikes out swinging
Batting: LHB Shoichi Aso 0-0: Ball
1-0: Ground out 4-3 (Groundball, 4, EV 87.5 MPH)
Top of the 5th over - 0 runs, 0 hits, 0 errors, 0 left on base; Boston 3 - Baltimore 5
BOTTOM OF THE 5TH
Baltimore Orioles batting - Pitching for Boston Red Sox : RHP Roberto Morales
Batting: RHB Saimei Kudo 0-0: Foul Ball, location: 2F
0-1: Fly out, F5 (Popup, 5, EV 59.4 MPH)
Batting: RHB Vince Jackson 0-0: SINGLE (Line Drive, 9LM, EV 96.9 MPH)
Batting: RHB Rudo Garciaparra 0-0: Foul Ball, location: 2F
0-1: Foul Ball, location: 2F
0-2: Hit by Pitch
Vince Jackson to second
Batting: SHB Jason Hayes 0-0: Ball
1-0: Swinging Strike
1-1: Ball
2-1: SINGLE (Groundball, 4MD, EV 100.6 MPH)
Vince Jackson to third
Rudo Garciaparra to second
Runner from 3rd tries for Home, SAFE, throw by CF to home
Batting: SHB Cesar Herrera 0-0: Called Strike
0-1: Swinging Strike
0-2: Ball
1-2: Ball
2-2: Foul Ball, location: 2F
2-2: Foul Ball, location: 2F
2-2: Strikes out swinging
Batting: SHB Tony Prado 0-0: DOUBLE (Line Drive, 7LD, EV 101.2 MPH)
Rudo Garciaparra scores
Jason Hayes to third
Batting: LHB Brian Feher 0-0: Foul Ball, location: 2F
0-1: Called Strike
0-2: Ball
1-2: Strikes out swinging
Bottom of the 5th over - 2 runs, 3 hits, 0 errors, 2 left on base; Boston 3 - Baltimore 7
TOP OF THE 6TH
Boston Red Sox batting - Pitching for Baltimore Orioles : RHP Antonio Escobosa
Batting: RHB Nick Esteves 0-0: Swinging Strike
0-1: Called Strike
0-2: Ball
1-2: Ball
2-2: Foul Ball, location: 2F
2-2: Strikes out looking
Batting: LHB Jarrett Mordecai 0-0: Ball
1-0: Foul Ball, location: 2F
1-1: Foul Ball, location: 2F
1-2: Strikes out swinging
Batting: RHB David Price Jr. 0-0: Called Strike
0-1: Ball
1-1: SINGLE (Groundball, 6M, EV 82.5 MPH) (infield hit)
Batting: RHB Josh Froyd 0-0: Foul Ball, location: 2F
0-1: Called Strike
0-2: SINGLE (Groundball, 4MD, EV 96.9 MPH)
David Price Jr. to second
Batting: LHB Zack Guillen 0-0: Called Strike
0-1: Swinging Strike
0-2: Foul Ball, location: 2F
0-2: Ball
1-2: Strikes out swinging
Top of the 6th over - 0 runs, 2 hits, 0 errors, 2 left on base; Boston 3 - Baltimore 7
BOTTOM OF THE 6TH
Baltimore Orioles batting - Pitching for Boston Red Sox : RHP Roberto Morales
Batting: RHB Raul Mendoza 0-0: Ball
1-0: SINGLE (Groundball, 56, EV 108.1 MPH)
Batting: SHB Eduardo Maldonado 0-0: Called Strike
0-1: Fly out, F8 (Flyball, 78S, EV 79.4 MPH)
Batting: RHB Saimei Kudo 0-0: Ball
1-0: Ball
2-0: Foul Ball, location: 2F
2-1: Called Strike
2-2: Ball
3-2: Grounds into double play, 6-4-3 (Groundball, 6, EV 90.6 MPH)
Bottom of the 6th over - 0 runs, 1 hit, 0 errors, 0 left on base; Boston 3 - Baltimore 7
TOP OF THE 7TH
Boston Red Sox batting - Pitching for Baltimore Orioles : RHP Antonio Escobosa
Batting: SHB Marvin Lawrence 0-0: Called Strike
0-1: Ball
1-1: SINGLE (Groundball, 34D, EV 96.9 MPH)
Batting: SHB Greg Shaw 0-0: Foul Ball, location: 2F
0-1: Reached on error, E4 (Groundball, 4, EV 104.4 MPH)
Marvin Lawrence to second
Batting: LHB Tim Fuller 0-0: Called Strike
0-1: Ball
1-1: Foul Ball, location: 2F
1-2: Foul Ball, location: 2F
1-2: Ball
2-2: Ground out 6-3 (Groundball, P, EV 83.8 MPH)
Marvin Lawrence to third
Greg Shaw to second
Batting: LHB Shoichi Aso 0-0: Ball
1-0: Swinging Strike
1-1: Called Strike
1-2: Strikes out swinging
Pitching: RHP Lorenzo Merjil
Batting: RHB Nick Esteves 0-0: Called Strike
0-1: Ground out 6-3 (Groundball, 56, EV 103.1 MPH)
Top of the 7th over - 0 runs, 1 hit, 1 error, 2 left on base; Boston 3 - Baltimore 7
BOTTOM OF THE 7TH
Baltimore Orioles batting - Pitching for Boston Red Sox : RHP Roberto Morales
Pitching: RHP Billy Fitzgerald
Batting: RHB Vince Jackson 0-0: Ball
1-0: Foul Ball, location: 2F
1-1: Ball
2-1: Swinging Strike
2-2: Foul Ball, location: 2F
2-2: Strikes out swinging
Batting: RHB Rudo Garciaparra 0-0: Swinging Strike
0-1: Ball
1-1: Foul Ball, location: 2F
1-2: Fly out, F7 (Line Drive, 7, EV 99.4 MPH)
Batting: SHB Jason Hayes 0-0: Ground out 4-3 (Groundball, 34, EV 76.9 MPH)
Bottom of the 7th over - 0 runs, 0 hits, 0 errors, 0 left on base; Boston 3 - Baltimore 7
TOP OF THE 8TH
Boston Red Sox batting - Pitching for Baltimore Orioles : RHP Lorenzo Merjil
Batting: LHB Jarrett Mordecai 0-0: Ball
1-0: Ball
2-0: Ball
3-0: Called Strike
3-1: Foul Ball, location: 2F
3-2: Base on Balls
Batting: RHB David Price Jr. 0-0: Called Strike
0-1: Called Strike
0-2: Ball
1-2: Ball
2-2: Strikes out swinging
Pinch Hitting: LHB Kevin McCormic Jr. 0-0: Called Strike
0-1: Reached on error, E4 (Groundball, 4, EV 81.9 MPH)
Jarrett Mordecai to second
Batting: LHB Zack Guillen 0-0: Called Strike
0-1: Swinging Strike
0-2: Strikes out swinging
Batting: SHB Marvin Lawrence 0-0: Ball
1-0: Foul Ball, location: 2F
1-1: Ball
2-1: Foul Ball, location: 2F
2-2: Ground out 6-3 (Groundball, 4M, EV 99.4 MPH)
Top of the 8th over - 0 runs, 0 hits, 1 error, 2 left on base; Boston 3 - Baltimore 7
BOTTOM OF THE 8TH
Baltimore Orioles batting - Pitching for Boston Red Sox : RHP Billy Fitzgerald
Now at SS: Alois Wollf
Batting: SHB Cesar Herrera 0-0: Called Strike
0-1: Swinging Strike
0-2: Foul Ball, location: 2F
0-2: Ball
1-2: Strikes out looking
Batting: SHB Tony Prado 0-0: Called Strike
0-1: Ball
1-1: Ball
2-1: Foul Ball, location: 2F
2-2: Ground out U3 (Groundball, 3, EV 91.2 MPH)
Batting: LHB Brian Feher 0-0: Ball
1-0: Ball
2-0: Ball
3-0: Base on Balls
Batting: RHB Raul Mendoza 0-0: Called Strike
0-1: Ball
1-1: Called Strike
1-2: Strikes out swinging
Bottom of the 8th over - 0 runs, 0 hits, 0 errors, 1 left on base; Boston 3 - Baltimore 7
TOP OF THE 9TH
Boston Red Sox batting - Pitching for Baltimore Orioles : RHP Lorenzo Merjil
Pitching: RHP Alan Taylor
Batting: SHB Greg Shaw 0-0: SINGLE (Line Drive, 7S, EV 96.9 MPH)
Batting: LHB Tim Fuller 0-0: Ball
1-0: Called Strike
1-1: Ball
2-1: Ball
3-1: Called Strike
3-2: Strikes out looking
Greg Shaw steals 2nd base
Batter strikes out.
Batting: LHB Shoichi Aso 0-0: Ball
1-0: Ball
2-0: Foul Ball, location: 2F
2-1: Ball
3-1: 2-RUN HOME RUN (Flyball, 89XD, EV 112.5 MPH), Distance : 431 ft
Pitching: RHP Chris Dauphin
Batting: RHB Nick Esteves 0-0: Swinging Strike
0-1: Ball
1-1: Ball
2-1: Ball
3-1: Foul Ball, location: 2F
3-2: Base on Balls
Batting: LHB Jarrett Mordecai 0-0: Ball
1-0: Ball
2-0: Foul Ball, location: 2F
2-1: Foul Ball, location: 2F
2-2: Foul Ball, location: 2F
2-2: DOUBLE (Flyball, 8RXD, EV 89.4 MPH)
Nick Esteves to third
Batting: RHB David Price Jr. 0-0: DOUBLE (Line Drive, 5D, EV 101.9 MPH)
Nick Esteves scores
Jarrett Mordecai scores
Batting: RHB Alois Wollf 0-0: Fly out, F7 (Line Drive, 7, EV 95.0 MPH)
Batting: LHB Zack Guillen 0-0: Called Strike
0-1: Ball
1-1: Ground out 1-3 (Groundball, 13, EV 69.4 MPH)
Top of the 9th over - 4 runs, 4 hits, 0 errors, 1 left on base; Boston 7 - Baltimore 7
BOTTOM OF THE 9TH
Baltimore Orioles batting - Pitching for Boston Red Sox : RHP Billy Fitzgerald
Pitching: RHP Guadalupe Vasguez
Batting: SHB Eduardo Maldonado 0-0: Swinging Strike
0-1: Ball
1-1: Called Strike
1-2: Ground out 5-3 (Groundball, 5, EV 84.4 MPH)
Batting: RHB Saimei Kudo 0-0: Ball
1-0: Called Strike
1-1: Called Strike
1-2: Ball
2-2: Foul Ball, location: 2F
2-2: Ground out 4-3 (Groundball, 4, EV 106.9 MPH)
Batting: RHB Vince Jackson 0-0: Ball
1-0: Ball
2-0: SINGLE (Groundball, 34D, EV 98.1 MPH)
Batting: RHB Rudo Garciaparra 0-0: Swinging Strike
0-1: Called Strike
0-2: Ball
1-2: 2-RUN HOME RUN (Flyball, 78XD, EV 96.9 MPH), Distance : 371 ft
Bottom of the 9th over - 2 runs, 2 hits, 0 errors, 0 left on base; Boston 7 - Baltimore 9
Tuesday, March 28th , 2023 - OOTP Baseball 23.10 Build 110